 Dungeon Crawl Stone Soup version 0.22-a0-782-g038298e (webtiles) character file.

53 Kuinu the Firebug (level 3, 0/26 HPs)
             Began as a Draconian Fire Elementalist on July 20, 2018.
             Slain by a gnoll
             ... wielding a +0 spear
              (7 damage)
             ... on level 2 of the Dungeon.
             The game lasted 00:06:55 (1635 turns).

Kuinu the Firebug (Draconian Fire Elementalist)     Turns: 1635, Time: 00:06:55

Health: 0/26       AC:  5    Str: 10    XL:     3   Next: 64%
Magic:  0/6        EV: 12    Int: 16    God:
Gold:   40         SH:  0    Dex: 11    Spells: 1/7 levels left

rFire    . . .     SeeInvis .   a - +0 dagger
rCold    . . .     Gourm    .   (no shield)
rNeg     . . .     Faith    .   (armour unavailable)
rPois    .         Spirit   .   (helmet restricted)
rElec    .         Reflect  .   (no cloak)
rCorr    .         Harm     .   (no gloves)
MR       .....                  (no boots)
Stlth    ++........             (no amulet)
HPRegen  0.08/turn              (no ring)
MPRegen  0.10/turn              (no ring)

@: no status effects
A: unfitting armour, cold-blooded, AC +5
a: no special abilities


You were on level 2 of the Dungeon.
You were very hungry.

You visited 1 branch of the dungeon, and saw 2 of its levels.

You collected 40 gold pieces.

Inventory:

Hand Weapons
 a - a +0 dagger (weapon)
Scrolls
 e - a scroll of magic mapping {unknown}
 f - a scroll of enchant weapon {unknown}
 i - a scroll of remove curse {unknown}
Potions
 d - a potion of curing {unknown}
 g - a potion of heal wounds {unknown}
 h - a potion of berserk rage {unknown}
Comestibles
 b - 2 rations


   Skills:
 + Level 2.1 Dodging
 + Level 2.1 Stealth
 * Level 2.6 Spellcasting
 + Level 1.4 Conjurations
 * Level 3.6 Fire Magic


You had one spell level left.
You knew the following spells:

 Your Spells              Type           Power        Failure   Level  Hunger
a - Flame Tongue          Conj/Fire      ##...        7%          1    #......
b - Throw Flame           Conj/Fire      ##....       11%         2    ##.....
c - Conjure Flame         Conj/Fire      ##......     21%         3    ###....

Your spell library contained the following spells:

 Spells                   Type           Power        Failure   Level  Hunger
 Fireball                 Conj/Fire      ##........   88%         5    ######.
 Sticky Flame             Conj/Fire      ##......     56%         4    #####..
 Inner Flame              Hex/Fire       #.......     28%         3    ###....


Dungeon Overview and Level Annotations

Branches:
Dungeon (2/15)

Altars:


Innate Abilities, Weirdness & Mutations

Your plain brown scales are hard. (AC +5)
You cannot fit into any form of body armour.
You are cold-blooded and may be slowed by cold attacks.


Message History

The puff of flame hits the gnoll.
The gnoll is moderately wounded.
You are feeling very hungry.
Casting: Throw Flame (safe; 11% risk of failure)
Confirm with . or Enter, or press ? or * to list all spells.
Aiming: Throw Flame (safe; 11% risk of failure)
Press: ? - help, Shift-Dir - straight line, f/p - gnoll
Aim: a gnoll, wielding a spear (moderately wounded)
The puff of flame hits the gnoll.
The gnoll is severely wounded.
The gnoll hits you from afar with a spear.
The gnoll hits you with a spear!
* * * LOW HITPOINT WARNING * * *
You hit the gnoll.
The gnoll is almost dead.
The gnoll barely misses you.
You barely miss the gnoll.
The gnoll is almost dead.
The gnoll hits you with a spear!
You die...

###.#.#+######g##'####
#..............##.#
#........).######g#
#.$........##.###.#
#...........(g..#.#
#.#.#.#########.#.#
#.#.....>g......#
#.###########.###
#<......g@..#.#
#.########.##.####.
#.# #......... #.#
####.####. #.# #.# #.#
#.# #.# #.#


You could see a gnoll.

Vanquished Creatures
  A gnoll (D:2)
  A dart slug (D:1)
  2 leopard geckos (D:1)
  3 ball pythons (D:1)
  4 giant cockroaches
  8 goblins (D:1)
  4 hobgoblins (D:1)
  3 kobolds (D:1)
  A quokka (D:2)
  2 bats (D:1)
  3 frilled lizards (D:1)
  4 rats (D:1)
36 creatures vanquished.

Notes
Turn   | Place    | Note
-------+----------+-------------------------------------------
     0 | D:1      | Kuinu the Draconian Fire Elementalist began the quest for the Orb.
     0 | D:1      | Reached XP level 1. HP: 14/14 MP: 3/3
   191 | D:1      | Reached XP level 2. HP: 20/20 MP: 1/5
   882 | D:1      | Reached XP level 3. HP: 25/26 MP: 4/6
  1458 | D:1      | Learned a level 2 spell: Throw Flame
  1462 | D:1      | Learned a level 3 spell: Conjure Flame
  1635 | D:2      | Slain by a gnoll

Vault maps used:
D:1:      dpeg_arrival_windows_large_door, st_stairs_12, minmay_heptomino_o4
D:2:      dk_yredelemnul_ordeal

Skill      XL: |  1  2 |
---------------+-------+-----
Stealth        | 2 |  2.1
Dodging        | 2 |  2.1
Spellcasting   | |  2.6
Conjurations   | |  1.4
Fire Magic     | |  3.6

Action                   || total
-------------------------++-------
Melee: Unarmed           ||     5
       Dagger            ||    69
       Tailslap          ||     3
 Cast: Flame Tongue      ||    38
       Throw Flame       ||     5
       Conjure Flame     ||     1
  Use: Scroll            ||     1
  Eat: Chunk             ||     2
Armor: Skin              ||    41
Dodge: Dodged            ||    87

Table legend:
 A = Spawn XP
 B = Non-spawn XP
 C = Spawn XP percentage of total XP
 D = Spawn monster count
 E = Non-spawn monster count
 F = Spawn count percentage of total count
 G = Total turns spent on level
                    A         B        C        D         E        F      G
               +---------+---------+-------+---------+---------+-------+---------
         Total |       0 |      77 |   0.0 |       0 |      36 |   0.0 |  1635
               +---------+---------+-------+---------+---------+-------+---------
           D:1 |       0 |      59 |   0.0 |       0 |      33 |   0.0 |  1481
           D:2 |       0 |      18 |   0.0 |       0 |       3 |   0.0 |   154
               +---------+---------+-------+---------+---------+-------+---------
